 Dungeon Crawl Stone Soup version 0.22-a0-402-ga933591 (webtiles) character file.

65 Borgoz the Skirmisher (level 4, -1/29 HPs)
             Began as a Gargoyle Monk on May 6, 2018.
             Slain by a centaur (4 damage)
             ... on level 2 of the Dungeon.
             The game lasted 00:02:07 (1303 turns).

Borgoz the Skirmisher (Gargoyle Monk)               Turns: 1303, Time: 00:02:08

Health: -1/29      AC:  5    Str: 14    XL:     4   Next: 14%
Magic:  4/4        EV: 17    Int: 11    God:
Gold:   92         SH:  0    Dex: 13    Spells: 3/3 levels left

rFire    . . .     SeeInvis .   a - +0 short sword
rCold    . . .     Gourm    .   (no shield)
rNeg     + . .     Faith    .   b - +0 robe
rPois    ∞         Spirit   .   (no helmet)
rElec    +         Reflect  .   (no cloak)
rCorr    .         Harm     +   (no gloves)
MR       .....                  (no boots)
Stlth    ++........             j - amulet of harm
HPRegen  0.09/turn              d - +4 ring of evasion
MPRegen  0.09/turn              (no ring)

@: very slightly contaminated, invisible
A: negative energy resistance 1, electricity resistance, unbreathing,
petrification resistance, rot immunity, AC +3
a: no special abilities


You were on level 2 of the Dungeon.
You were not hungry.

You visited 1 branch of the dungeon, and saw 2 of its levels.

You collected 92 gold pieces.

Inventory:

Hand Weapons
 a - a +0 short sword (weapon)
Armour
 b - a +0 robe (worn)
Jewellery
 d - a +4 ring of evasion (left hand)
 j - an amulet of harm (around neck)
Scrolls
 e - a scroll of identify {unknown}
 i - a scroll of random uselessness {unknown}
 l - a scroll of remove curse {unknown}
 m - a scroll of enchant weapon {unknown}
 n - a scroll of blinking {unknown}
Potions
 k - a potion of heal wounds {unknown}
Comestibles
 c - 4 rations
 f - a chunk of flesh


   Skills:
 + Level 3.9 Fighting
 * Level 3.6 Short Blades
 + Level 2.9 Dodging
 - Level 2.1 Stealth


You had 3 spell levels left.
You didn't know any spells.

Dungeon Overview and Level Annotations

Branches:
Dungeon (2/15)

Altars:


Innate Abilities, Weirdness & Mutations

You are resistant to torment.
Your stone body is resilient. (AC +3)
You are immune to poison.
You resist negative energy. (rN+)
You are resistant to electric shocks. (rElec)
You can survive without breathing.
You are immune to petrification.
You are immune to rotting.


Message History

The centaur hits you.
You are too injured to fight recklessly!
You barely miss the centaur.
The centaur is severely wounded.
The centaur barely misses you.
The centaur hits you but does no damage.
You hit the centaur.
The centaur is almost dead.
The centaur hits you.
* * * LOW HITPOINT WARNING * * *
It was a potion of magic.
Magic courses through your body. The centaur closely misses you. x2
It was a potion of invisibility.
You fade into invisibility!
The centaur completely misses you.
You are very lightly contaminated with residual magic.
You hit the centaur but do no damage.
The centaur is almost dead.
The centaur misses you. The centaur hits you.
You die...

# ##'## # #.#
####+####### # #.#
#........... # ##.##
#........... ##...##
##...........
#.....###..##'######
##...###..##...##
##.##...##.....##
######.#....#...@...#
............#)..c...#
######.#...##...$...#
#.##.####.....##
#.#### ##...##
###.#### ##### ##
#...÷..# #. #.#.##.#
#. #.#.##.#### #.


You could see a centaur.

Vanquished Creatures
  An adder (D:2)
  3 dart slugs
  3 leopard geckos
  4 bats
  10 hobgoblins
  2 jackals (D:1)
  7 kobolds
  A quokka (D:2)
  A ball python (D:1)
  2 frilled lizards
  7 goblins (D:1)
  2 rats (D:1)
43 creatures vanquished.

Notes
Turn   | Place    | Note
-------+----------+-------------------------------------------
     0 | D:1      | Borgoz the Gargoyle Monk began the quest for the Orb.
     0 | D:1      | Reached XP level 1. HP: 14/14 MP: 1/1
    46 | D:1      | Reached XP level 2. HP: 16/19 MP: 2/2
   285 | D:1      | Reached XP level 3. HP: 19/23 MP: 3/3
  1133 | D:2      | Reached XP level 4. HP: 29/29 MP: 4/4
  1285 | D:2      | Noticed a centaur
  1303 | D:2      | Slain by a centaur

Vault maps used:
D:1:      tarquinn_simple_flora_water_f
D:2:      kennysheep_six_static_rooms, first_ration

Skill      XL: |  1 |
---------------+----+-----
Short Blades   | 3 |  3.6
Fighting       | |  3.9
Dodging        | |  2.9
Stealth        | |  2.1

Action                   |  1- 3 |  4- 6 || total
-------------------------+-------+-------++-------
Melee: Short sword       |   154 |    18 ||   172
  Use: Potion            |       |     2 ||     2
 Stab: Sleeping          |     5 |     1 ||     6
  Eat: Chunk             |     1 |       ||     1
Armor: Robe              |    36 |     3 ||    39
Dodge: Dodged            |   114 |    19 ||   133

Table legend:
 A = Spawn XP
 B = Non-spawn XP
 C = Spawn XP percentage of total XP
 D = Spawn monster count
 E = Non-spawn monster count
 F = Spawn count percentage of total count
 G = Total turns spent on level
                    A         B        C        D         E        F      G
               +---------+---------+-------+---------+---------+-------+---------
         Total |       0 |      94 |   0.0 |       0 |      43 |   0.0 |  1303
               +---------+---------+-------+---------+---------+-------+---------
           D:1 |       0 |      65 |   0.0 |       0 |      35 |   0.0 |   904
           D:2 |       0 |      29 |   0.0 |       0 |       8 |   0.0 |   399
               +---------+---------+-------+---------+---------+-------+---------
